 Dungeon Crawl Stone Soup version 0.31-a0-354-g827e0957a7 (webtiles) character file.

Game seed: 548695993449699099

2331 Fidrik the Protected (level 9, -1/10 HPs)
             Began as an Armataur Warper on July 23, 2023.
             Was an Initiate of Okawaru.
             Slain by a killer bee (5 damage)
             ... on level 7 of the Dungeon.
             The game lasted 00:40:18 (8436 turns).

Fidrik the Protected (Armataur Warper)              Turns: 8436, Time: 00:40:20

Health: -1/10      AC: 32    Str: 22    XL:     9   Next: 19%
Magic:  0/11       EV:  9    Int: 19    God:    Okawaru [......]
Gold:   222        SH:  0    Dex:  9    Spells: 6/11 levels left

rFire   . . .        j - +2 dagger (drain)
rCold   . . .        (no shield)
rNeg    + . .        b - melded +0 leather armour
rPois   ∞            M - +0 helmet
rElec   +            (no cloak)
rCorr   .            (gloves currently unavailable)
SInv    .            (no barding)
Will    .....        r - amulet of the acrobat
Stlth   +            o - ring of flight
HPRegen 0.21/turn    N - +6 ring of intelligence
MPRegen 0.12/turn

%: acrobat, roll
@: lethally poisoned (-1 -> -1), statue-form, on blink cooldown, flying, very
slow
A: slow and powerful, torment resistance 1, reduced hp, large, rugged brown
scales 3, deformed body, armoured tail, roll, long tongue, awkward tongue
a: Begin Untransformation, Renounce Religion


You were on level 7 of the Dungeon.
You worshipped Okawaru.
Okawaru was noncommittal.
You were a living statue of rough stone.
You visited 2 branches of the dungeon, and saw 8 of its levels.

You collected 222 gold pieces.

Inventory:

Hand Weapons
 a - a +0 mace
 i - a +0 mace
 j - a +2 dagger of draining (weapon)
 q - a +0 long sword
 C - a +1 vampiric hand axe
 F - a +0 sling
 G - a +0 orcbow
 P - a +2 heavy spear
Missiles
 d - 6 boomerangs of dispersal (quivered)
 w - 70 stones
 R - 6 boomerangs
 T - 12 poisoned darts
Armour
 b - a +0 leather armour (melded)
 m - a +0 ring mail
 B - a +0 scale mail
 D - a +0 leather armour
 I - a +0 kite shield
 M - a +0 helmet (worn)
Jewellery
 o - a ring of flight (left fist)
 r - an amulet of the acrobat (around neck)
 y - a ring of fire
 J - an amulet of faith
 N - a +6 ring of intelligence (right fist)
 O - a +6 ring of dexterity
 Q - a ring of wizardry
Talismans
 h - a granite talisman
 E - a maw talisman
 U - a beast talisman
Wands
 L - a wand of paralysis (8)
Scrolls
 f - 3 scrolls of immolation
 l - 2 scrolls of silence
 n - a scroll of noise {unknown}
 t - a scroll of torment {unknown}
 u - a scroll of fear {unknown}
 H - a scroll of vulnerability {unknown}
 K - a scroll of enchant armour {unknown}
 S - a scroll of teleportation {unknown}
 V - a scroll of amnesia {unknown}
Potions
 e - 3 potions of lignification
 g - 2 potions of enlightenment
 k - a potion of curing
 p - a potion of degeneration {unknown}
 s - a potion of invisibility {unknown}
 v - 2 potions of berserk rage
 x - 2 potions of heal wounds {unknown}
 z - a potion of brilliance {unknown}
 A - a potion of resistance {unknown}


   Skills:
 + Level 6.4 Fighting
 - Level 2.0 Maces & Flails
 - Level 1.1 Throwing
 + Level 8.0 Armour
 - Level 1.5 Dodging
 - Level 1.9 Spellcasting
 + Level 7.4 Translocations
 - Level 3.0 Fire Magic


You had 6 spell levels left.
You knew the following spells:

 Your Spells              Type           Power      Damage    Failure   Level
a - Blink                 Tloc           58%        N/A       1%          2
b - Volatile Blastmotes   Fire/Tloc      42%        2d13      6%          3

Your spell library contained the following spells:

 Spells                   Type           Power      Damage    Failure   Level
 Lesser Beckoning         Tloc           58%        N/A       1%          2
 Teleport Other           Tloc           29%        N/A       2%          3
 Manifold Assault         Tloc           29%        N/A       9%          4
 Vhi's Electric Charge    Tloc/Air       30%        N/A       11%         3
 Cigotuvi's Dreadful Rot  Necr/Pois/Air  2%         N/A       26%         2
 Ensorcelled Hibernation  Hex/Ice        2%         N/A       26%         2
 Passwall                 Tmut/Erth      0%         N/A       26%         2
 Poisonous Vapours        Pois/Air       2%         N/A       26%         2
 Ignite Poison            Fire/Tmut/Pois 5%         N/A       34%         3
 Dazzling Flash           Conj/Hex       2%         N/A       45%         3
 Mephitic Cloud           Conj/Pois/Air  1%         N/A       45%         3
 Swiftness                Air            1%         N/A       45%         3
 Freezing Cloud           Conj/Ice/Air   0%         6-21      99%         5
 Starburst                Conj/Fire      3%         6d3       100%        6
 Maxwell's Capacitive Co  Air            0%         ∞         100%        8


Dungeon Overview and Level Annotations

Branches:
Dungeon (7/15)             Temple (1/1) D:6

Altars:
Ashenzari
Cheibriados
Dithmenos
Elyvilon
Fedhas
Hepliaklqana
Kikubaaqudgha
Makhleb
Okawaru
Qazlal
Sif Muna
Trog
Uskayaw
Vehumet
Wu Jian
Yredelemnul
Zin
The Shining One


Innate Abilities, Weirdness & Mutations

You are a living statue of rough stone.
Your actions are slow, but your melee attacks are powerful.
You are resistant to unholy torment.
Your maximum health is decreased, since you lack skill for your form.
Your equipment is partially melded.
You are immune to poison.
(You are completely covered in rugged brown scales. (AC +3, +7% HP))
Armour fits poorly on your strangely shaped body.
You have a long armoured tail.
You roll when moving toward enemies. (Rampage)
Your long tongue fully drains potion bottles. (2x potion effects)
Your tongue gives you trouble enunciating. (1.5x scroll delay)


Message History

As you slowly read the scroll of blinking, it crumbles to dust.
You feel sick.
There are monsters nearby!
You feel stable enough to blink again.
You feel sick.
You begin transforming.
You continue transforming.
You feel sick.
The killer bee stings you but does no damage.
Keep transforming yourself?
The killer bee stings you but does no damage.
You continue transforming.
You feel sick.
You continue transforming.
You feel sick.
You are no longer poisoned.
The killer bee stings you.
* * * LOW HITPOINT WARNING * * *
You are poisoned.
The killer bee poisons you! The killer bee stings you!
* * * LOW HITPOINT WARNING * * *
You are more poisoned.
The killer bee poisons you!
You turn into a living statue of rough stone.
Your +0 leather armour melds into your body.
You barely miss the killer bee.
The killer bee is almost dead.
The killer bee misses you.
The killer bee stings you but does no damage. x2
The killer bee barely misses you. The killer bee stings you.
The killer bee completely misses you.
The killer bee stings you but does no damage. x2
The killer bee closely misses you. x2; The killer bee barely misses you.
The killer bee stings you but does no damage.
Casting: Blink (safe; 1% risk of failure)
Confirm with . or Enter, or press ? or * to list all spells.
You blink.
The killer bee stings you but does no damage. x3
The killer bee stings you.
Ouch! That really hurt!
You die...

##### #..§##
#.###y## .. ##.##
#.###.###.# #
..y.....#
#..##.###.#####
##.##.##......###
....>.......y8..#
.#...#.#...yy.#
#....###y....#
#.###.#.y....# #.
##.......# #
#.#...†.#
.#.####....#..#
........####..#
............<.#


You could see 5 killer bees.

Vanquished Creatures
  A steam dragon (D:6)
  A water moccasin (D:7)
  An orc warrior (D:6)
  3 sky beasts
  A black bear (D:4)
  4 ice beasts
  An ogre (D:5)
  3 centaurs
  3 phantoms
  A kobold brigand (D:6)
  A scorpion (D:6)
  A killer bee (D:7)
  A hound (D:6)
  A jelly (D:4)
  A gnoll bouda (D:5)
  A sleepcap (D:4)
  Ijyb (D:4)
  2 orc wizards (D:4)
  4 iguanas
  Robin (D:5)
  9 gnolls
  8 adders
  A shadow imp (D:7)
  A white imp (D:6)
  2 dart slugs (D:2)
  4 orcs
  9 ball pythons
  5 bats
  9 endoplasms
  3 giant cockroaches (D:4)
  6 goblins
  13 hobgoblins
  A quokka (D:2)
  6 frilled lizards
  8 kobolds
  2 rats
120 creatures vanquished.

Notes
Turn   | Place    | Note
-------+----------+-------------------------------------------
     0 | D:1      | Fidrik the Armataur Warper began the quest for the Orb.
     0 | D:1      | Reached XP level 1. HP: 18/18 MP: 3/3
   117 | D:1      | You fall into a shaft and drop 1 floor!
   223 | D:2      | Reached skill level 1 in Throwing
   269 | D:1      | Reached XP level 2. HP: 20/25 MP: 4/4
   557 | D:1      | Found a faded altar of an unknown god.
   925 | D:2      | Reached XP level 3. HP: 30/31 MP: 5/5
   938 | D:2      | Reached skill level 2 in Armour
  1519 | D:2      | Reached XP level 4. HP: 39/39 MP: 6/6
  2198 | D:4      | Reached skill level 3 in Armour
  2402 | D:4      | Noticed a phantom
  2660 | D:4      | Found a stormy altar of Qazlal.
  2671 | D:3      | Reached XP level 5. HP: 47/47 MP: 7/7
  2851 | D:4      | Noticed an ice beast
  3093 | D:4      | Found a basalt altar of Yredelemnul.
  3317 | D:4      | Found a blossoming altar of Fedhas.
  3630 | D:5      | Entered Level 5 of the Dungeon
  3786 | D:5      | Noticed a phantom
  3845 | D:5      | Noticed Robin
  3849 | D:5      | Noticed Ijyb
  3866 | D:4      | Killed Ijyb
  3867 | D:4      | Reached XP level 6. HP: 23/54 MP: 8/8
  3948 | D:5      | Killed Robin
  4187 | D:5      | Noticed an ice beast
  4236 | D:5      | Killed an ice beast
  4237 | D:5      | Reached skill level 4 in Armour
  4305 | D:5      | Learned a level 2 spell: Blink
  4309 | D:5      | Learned a level 3 spell: Volatile Blastmotes
  4652 | D:4      | Noticed an ice beast
  4668 | D:4      | Killed an ice beast
  4669 | D:4      | Reached skill level 5 in Translocations
  4669 | D:4      | Reached skill level 1 in Fire Magic
  4669 | D:4      | Reached XP level 7. HP: 42/63 MP: 9/9
  4684 | D:4      | Reached skill level 5 in Armour
  5309 | D:5      | Reached XP level 8. HP: 59/71 MP: 4/10
  5513 | D:5      | Reached skill level 6 in Armour
  6120 | D:5      | Reached skill level 5 in Fighting
  6663 | D:6      | Found a snail-covered altar of Cheibriados.
  6664 | D:6      | Found a broken altar of Ashenzari.
  6668 | D:6      | Found a shadowy altar of Dithmenos.
  6682 | D:6      | Found a glowing golden altar of the Shining One.
  7256 | D:6      | Reached skill level 7 in Armour
  7657 | D:6      | Reached XP level 9. HP: 72/80 MP: 9/11
  7895 | D:6      | Found a staircase to the Ecumenical Temple.
  7916 | Temple   | Entered the Ecumenical Temple
  7974 | Temple   | Became a worshipper of Warmaster Okawaru
  8425 | D:7      | Reached skill level 8 in Armour
  8436 | D:7      | Slain by a killer bee

Illustrated notes

Levels and vault maps discovered:
D:1:      elethiomel_arrival_quiet, layout_loops_ring,
          shapermc_ecumenical_altar_mp_ritualfount, nrook_mini_backslash
D:2:      layout_basic
D:3:      layout_rooms
D:4:      cheibrodos_barr_body, layout_loops_ring,
          mainiacjoe_overflow_surrounded_room, mainiacjoe_overflow_paths,
          fedhas_altar_fruit_tree
D:5:      layout_basic, nicolae_goblin_pals
D:6:      layout_basic, minitemple, minmay_temple_entry_nine_rooms,
          grunt_tough_drop
D:7:      layout_loops_ring, kennysheep_little_box,
          ebering_ghost_reflecting_pool
Temple:   chequers_temple_sunken

Skill      XL: |  1  2  3  4  5  6  7  8  9 |
---------------+----------------------------+-----
Throwing       | 1 |  1.1
Maces & Flails | 2 |  2.0
Fighting       | 2 3 4 6 |  6.4
Armour         | 2 3 4 5 7 8 |  8.0
Translocations | 4 5 7 |  7.4
Fire Magic     | 1 2 3 |  3.0
Dodging        | |  1.5
Spellcasting   | |  1.9

Action                     |  1- 3 |  4- 6 |  7- 9 || total
---------------------------+-------+-------+-------++-------
  Melee: Dagger            |    79 |   202 |   253 ||   534
         Mace              |     6 |       |       ||     6
         Tailslap          |     8 |    24 |    36 ||    68
         Punch             |       |       |     3 ||     3
  Throw: Boomerang         |       |     1 |       ||     1
         Stone             |       |       |     1 ||     1
   Cast: Blink             |       |     1 |    10 ||    11
         Volatile Blastmot |       |       |    17 ||    17
    Use: Scroll            |       |     6 |     2 ||     8
         Potion            |       |       |     1 ||     1
 Armour: Leather armour    |    23 |    61 |    91 ||   175
         Skin              |       |       |     8 ||     8
  Dodge: Dodged            |    31 |    89 |   138 ||   258
   Form: Statue            |       |       |     1 ||     1

Table legend: (Time is in decaauts)
 A = Elapsed time spent in this place.
 B = Non-inter-level travel time spent in this place.
 C = Inter-level travel time spent in this place.
 D = Time resting spent in this place.
 E = Time spent auto-exploring this place.
 F = Levels seen in this place.
 G = Mean time per level.
                   A        B        C        D        E       F      G
               +--------+--------+--------+--------+--------+-----+--------+
         Total |   8449 |   7825 |    624 |   1727 |   3917 |   8 | 1056.1 |
       Dungeon |   8384 |   7765 |    619 |   1727 |   3917 |   7 | 1197.7 |
        Temple |     64 |     59 |      5 |      0 |      0 |   1 |   64.0 |
               +--------+--------+--------+--------+--------+-----+--------+

Top non-repeatable levels by time:
     D:4: 2030 daAuts
     D:5: 2007 daAuts
     D:6: 1407 daAuts
     D:2: 989 daAuts
     D:3: 774 daAuts
     D:1: 741 daAuts
     D:7: 433 daAuts
  Temple: 64 daAuts
